 Dungeon Crawl Stone Soup version bcrawl-1.18.1 (webtiles) character file.

Game seed: 7579639461984186866

331 Arum the Cudgeler (level 6, -2/84 HPs)
             Began as a Sand Dwarf Sloth Apostle on Nov 10, 2019.
             Was a Believer of Cheibriados.
             Killed by divine providence
             ... invoked by an orc priest
              (10 damage)
             ... on level 3 of the Dungeon.
             The game lasted 00:05:16 (3916 turns).

Arum the Cudgeler (Sand Dwarf Sloth Apostle)        Turns: 3916, Time: 00:05:17

Health: -2/84      AC: 23    Str: 23    XL:     6   Next: 52%
Magic:  7/7        EV:  3    Int: 20    God:    Cheibriados [**....]
Gold:   199        SH: 12    Dex: 21    Spells: 6/7 levels left

rFire    . . .     SeeInvis .   i - -3 mace (curse)
rCold    . . .     Gourm    .   c - +1 shield
rNeg     + + +     Faith    .   (armour currently unavailable)
rPois    +         Spirit   .   (helmet currently unavailable)
rElec    .         Reflect  .   (cloak currently unavailable)
rCorr    .         Harm     .   (gloves currently unavailable)
MR       .....     NoTele   +   (boots currently unavailable)
Stlth    +++.......             (no amulet)
HPRegen  0.24/turn              (no ring)
MPRegen  0.10/turn              (no ring)

@: agile, tree-form, very slow
A: small
a: Bend Time, Renounce Religion


You were on level 3 of the Dungeon.
You worshipped Cheibriados.
Cheibriados was pleased with you.
You were not hungry.
You were a tree.
You visited 1 branch of the dungeon, and saw 3 of its levels.

You collected 199 gold pieces.

Inventory:

Hand Weapons
 i - a cursed -3 mace (weapon)
 r - a +0 mace of protection
Armour
 c - a +1 shield (worn)
 m - a +0 ring mail
 s - a +2 leather armour of poison resistance (melded)
Wands
 d - a wand of paralysis (10)
Scrolls
 b - a scroll of magic mapping
 e - 6 scrolls of identify
Potions
 a - a potion of agility
 g - a potion of heal wounds {unknown}
 h - a potion of resistance {unknown}
 l - 2 potions of mutation {unknown}
 n - a potion of magic {unknown}
 p - a potion of brilliance {unknown}
Comestibles
 f - 11 rations {!d}
 o - 3 chunks of flesh


   Skills:
 + Level 5.0 Fighting
 + Level 6.0 Maces & Flails
 - Level 2.4 Stealth
 + Level 4.1 Shields
 - Level 1.0 Spellcasting
 - Level 0.7 Hexes
 - Level 1.3 Evocations


You had 6 spell levels left.
You knew the following spells:

 Your Spells              Type           Power        Failure   Level  Hunger
a - Slow                  Hex            #.......     52%         1    ##.....
Your spell library was empty.

Dungeon Overview and Level Annotations

Branches:
Dungeon (3/12)

Altars:


Innate Abilities, Weirdness & Mutations

You are small and have problems with some larger weapons.
((You cover ground slowly.))
((Armour does not affect your spellcasting.))


Message History

The orc priest hits you but does no damage.
You closely miss the orc priest.
The orc priest is heavily wounded.
You block the orc priest's attack.
You hit the orc priest but do no damage.
The orc priest is heavily wounded.
The orc priest hits you but does no damage.
You closely miss the orc priest.
The orc priest is heavily wounded.
The orc priest invokes the aid of Beogh against you.
Beogh smites you!
* * * LOW HITPOINT WARNING * * *
You closely miss the orc priest.
The orc priest is heavily wounded.
You block the orc priest's attack.
You closely miss the orc priest.
The orc priest is heavily wounded.
The orc priest calls down the wrath of Beogh upon you.
Beogh smites you!
You die...

#...........# #......# #
#...........# ##.#.#######
#.....).....###...........
#...........(....#.#######
##(.........####.#.>#
#.....##...<..#.##.#
#.....##.####...##.#
########.# ##..##.### #♣#
#........#### #o#
#..####.#...÷. #o# #.#
#.###### #o#... #.# #...
#.....o.#.## #.#...##
#.....(.#. #.5.# #...[...#
#.. #........ #..
#......##


You could see an orc priest and 3 orcs.

Vanquished Creatures
  A centaur (D:3)
  A crimson imp (D:3)
  A jelly (D:3)
  An orc wizard (D:3)
  Jessica (D:2)
  A worker ant (D:3)
  2 adders (D:3)
  2 worms (D:2)
  A dart slug (D:2)
  5 leopard geckos
  8 orcs
  3 giant cockroaches
  14 hobgoblins
  3 jackals (D:3)
  2 quokkas (D:2)
  7 bats
  2 frilled lizards
  6 goblins
  3 kobolds
  7 rats
71 creatures vanquished.

Notes
Turn   | Place    | Note
-------+----------+-------------------------------------------
     0 | D:1      | Arum the Sand Dwarf Sloth Apostle began the quest for the
                  | Orb.
     0 | D:1      | Reached XP level 1. HP: 18/18 MP: 2/2
   241 | D:1      | Reached XP level 2. HP: 22/25 MP: 3/3
   786 | D:1      | Reached * piety under Cheibriados
   786 | D:1      | Reached XP level 3. HP: 22/31 MP: 4/4
  1442 | D:2      | Noticed Jessica
  1453 | D:2      | Killed Jessica
  1453 | D:2      | Reached skill level 4 in Maces & Flails
  1453 | D:2      | Reached XP level 4. HP: 16/38 MP: 5/5
  2431 | D:2      | Reached ** piety under Cheibriados
  2797 | D:3      | Noticed a centaur
  2812 | D:3      | Killed a centaur
  2812 | D:3      | Reached skill level 5 in Maces & Flails
  2812 | D:3      | Reached XP level 5. HP: 34/47 MP: 6/6
  2996 | D:3      | Reached XP level 6. HP: 8/53 MP: 7/7
  3896 | D:3      | Reached skill level 5 in Fighting
  3896 | D:3      | Reached skill level 6 in Maces & Flails
  3916 | D:3      | Killed from afar by an orc priest

Skill      XL: |  1  2  3  4  5  6 |
---------------+-------------------+-----
Fighting       | 3 4 5 |  5.0
Maces & Flails | 4 5 6 |  6.0
Shields        | 3 4 |  4.1
Stealth        | |  2.4
Spellcasting   | |  1.0
Hexes          | |  0.7
Evocations     | |  1.3

Action                   |  1- 3 |  4- 6 || total
-------------------------+-------+-------++-------
Melee: Mace              |   121 |   490 ||   611
 Cast: Slow              |       |     4 ||     4
  Use: Scroll            |       |     5 ||     5
       Potion            |       |     6 ||     6
 Stab: Sleeping          |     5 |     1 ||     6
  Eat: Chunk             |     1 |     5 ||     6
Armor: Robe              |    33 |     5 ||    38
       Ring mail         |       |    32 ||    32
       Leather armour    |       |   110 ||   110
       Skin              |       |     3 ||     3
Dodge: Dodged            |    80 |   164 ||   244
Block: Shield            |    83 |   258 ||   341
